 Dungeon Crawl Stone Soup version 0.16.1-16-gc44b35d (webtiles) character file.

140 Chiseanne the Grasshopper (level 5, -1/40 HPs)
             Began as a Demonspawn Warper on Apr 26, 2015.
             Killed from afar by an orc wizard (2 damage)
             ... with a magic dart
             ... on level 3 of the Dungeon.
             The game lasted 00:09:41 (3467 turns).

Chiseanne the Grasshopper (Demonspawn Warper)       Turns: 3467, Time: 00:09:42

Health: -1/40      AC:  4    Str: 13    XL:     5   Next: 2%
Magic:  5/9        EV: 11    Int: 14    God:
Gold:   103        SH:  5    Dex: 12    Spells: 3 memorised, 3 levels left

rFire  + . .     SeeInvis .     a - +1 short sword
rCold  . . .     Clarity  .     b - +0 leather armour
rNeg   + . .     SustAb   +     u - +2 buckler {reflect}
rPois  .         Gourm    .     n - +0 helmet
rElec  .         Spirit   .     (no cloak)
rCorr  .         Warding  .     (no gloves)
rMut   .         Stasis   .     (no boots)
MR     .....                    (no amulet)
Stlth  +.........               r - ring of positive energy
                                l - ring of sustain abilities

@: not resistant to hostile enchantments, very unstealthy
A: fire resistance 1, powered by pain 1
a: no special abilities


You were on level 3 of the Dungeon.
You were not hungry.

You visited 1 branch of the dungeon, and saw 3 of its levels.

You collected 103 gold pieces.

Inventory:

Hand weapons
 a - a +1 short sword (weapon)
Missiles
 e - 3 tomahawks of dispersal (quivered)
 h - 23 sling bullets
 m - 4 javelins
 p - 5 tomahawks
 t - 20 arrows
Armour
 b - a +0 leather armour (worn)
 g - a +0 large shield
 n - a +0 helmet (worn)
 u - a +2 buckler of reflection (worn)
Jewellery
 l - a ring of sustain abilities (left hand)
 r - a ring of positive energy (right hand)
 w - an uncursed amulet of stasis
 y - a +1 ring of evasion {unknown}
Scrolls
 d - a scroll of blinking
 j - a scroll of identify
Potions
 o - a potion of heal wounds
 v - 2 potions of flight
 z - 2 potions of might
Books
 c - a book of Spatial Translocations

   Spells                             Type                      Level
   a - Apportation                    Translocation                1
   b - Blink                          Translocation                2
   c - Shroud of Golubria             Charms/Translocation         2
   d - Portal Projectile              Translocation                3
   e - Teleport Other                 Translocation                3
   f - Passage of Golubria            Translocation                4
Comestibles
 f - 3 bread rations


   Skills:
 * Level 2.8 Fighting
 - Level 1.7 Short Blades
 - Level 0.8 Throwing
 - Level 0.8 Armour
 * Level 3.0 Dodging
 * Level 0.3 Shields
 * Level 2.3 Spellcasting
 * Level 3.8 Translocations


You had 3 spell levels left.
You knew the following spells:

 Your Spells              Type           Power        Failure   Level  Hunger
a - Apportation           Tloc           ##........   12%         1    #......
b - Blink                 Tloc           N/A          17%         2    ###....
c - Shroud of Golubria    Chrm/Tloc      #.........   34%         2    ###....


Dungeon Overview and Level Annotations

Branches:
Dungeon (3/15)

Altars:


Innate Abilities, Weirdness & Mutations

Your flesh is heat resistant.
You sometimes gain a little power by taking damage.


Message History

The orc wizard is severely wounded.
The orc wizard hits you but does no damage.
You hit the orc wizard.
The orc wizard is severely wounded.
The orc wizard hits you but does no damage.
You block the orc wizard's attack.
You barely miss the orc wizard.
The orc wizard is severely wounded.
Your shroud begins to fray at the edges.
The orc wizard casts a spell at you. The magic dart hits you!
* * * LOW HITPOINT WARNING * * *
The orc wizard hits you with a dagger.
* * * LOW HITPOINT WARNING * * *
Your shroud falls apart!
You hit the orc wizard.
The orc wizard is almost dead.
The orc wizard casts a spell at you. The magic dart hits you!
You die...

#.........####.#...)......######
#.#######.#.....................
#.......#.##.#################
#.#..###......###......... #..
#.#..# #..#####....####### #..
#.#..# #..# #....# ### #.#.รท#
#..# #....#
#.#..###..#####....##
#........>...@oo....#
###############o#.#..# #.#.##.#
..#.# ..# ...#.# #. ###.#.# #.#.
.$# ..#


You could see 3 orc wizards.

Vanquished Creatures
  A centaur zombie (D:3)
  An orc priest (D:3)
  3 worms (D:2)
  4 giant geckos
  An orc (D:3)
  2 giant cockroaches
  13 goblins
  7 hobgoblins
  7 kobolds
  A quokka (D:2)
  6 bats
  4 giant newts
  5 rats
55 creatures vanquished.

Vanquished Creatures (others)
  A quokka (D:3)
1 creature vanquished.

Grand Total: 56 creatures vanquished

Notes
Turn   | Place    | Note
--------------------------------------------------------------
     0 | D:1      | Chiseanne, the Demonspawn Warper, began the quest for the Orb.
     0 | D:1      | Reached XP level 1. HP: 16/16 MP: 3/3
   433 | D:1      | Reached skill level 3 in Translocations
   440 | D:1      | Gained mutation: Your flesh is heat resistant. [demonic ancestry]
   440 | D:1      | Reached XP level 2. HP: 16/22 MP: 4/4
   629 | D:1      | Learned a level 2 spell: Blink
   632 | D:1      | Learned a level 2 spell: Shroud of Golubria
  1401 | D:1      | Gained mutation: You sometimes gain a little power by taking damage. [demonic ancestry]
  1401 | D:1      | Reached XP level 3. HP: 24/27 MP: 6/6
  2943 | D:2      | Reached XP level 4. HP: 34/34 MP: 7/7
  3438 | D:3      | Reached XP level 5. HP: 23/40 MP: 5/9
  3466 | D:3      | HP: 1/40 [orc wizard/dagger (6)]
  3467 | D:3      | Killed from afar by an orc wizard

Action                   |  1- 3 |  4- 6 || total
-------------------------+-------+-------++-------
Melee: Short sword       |   221 |    66 ||   287
Throw: Tomahawk          |     1 |     1 ||     2
 Cast: Shroud of Golubri |     7 |     4 ||    11
  Use: Scroll            |     1 |     8 ||     9
  Eat: Chunk             |     7 |     2 ||     9
